 Dungeon Crawl Stone Soup version 0.31.0-11-ge490571c62 (webtiles) character file.

Game seed: 10701097037276884274

112 qw the Skirmisher (level 4, 0/25 HPs)
             Began as a Deep Elf Hunter on Feb 3, 2024.
             Killed from afar by an orc wizard (2 damage)
             ... with a puff of flame
             ... on level 3 of the Dungeon.
             The game lasted 00:00:07 (1495 turns).

qw the Skirmisher (Deep Elf Hunter)                 Turns: 1495, Time: 00:00:07

Health: 0/25       AC:  6    Str: 10    XL:     4   Next: 64%
Magic:  6/6        EV: 11    Int: 14    God:
Gold:   64         SH:  0    Dex: 18    Spells: 3/3 levels left

rFire   . . .        a - +0 shortbow
rCold   . . .        (shield currently unavailable)
rNeg    . . .        l - +0 ring mail
rPois   .            j - +0 helmet
rElec   .            (no cloak)
rCorr   .            (no gloves)
SInv    .            (no boots)
Will    .....        (no amulet)
Stlth   +            (no ring)
HPRegen 0.24/turn    (no ring)
MPRegen 0.10/turn

%: no passive effects
@: no status effects
A: no striking features
a: no special abilities


You were on level 3 of the Dungeon.
You visited 1 branch of the dungeon, and saw 3 of its levels.

You collected 64 gold pieces.


   Skills:
 - Level 1.5 Fighting
 + Level 8.1 Ranged Weapons
 - Level 2.4 Dodging
 - Level 1.2 Stealth


You had 3 spell levels left.
You didn't know any spells.
Your spell library was empty.

Inventory:

Hand Weapons
 a - a +0 shortbow (weapon)
Armour
 j - a +0 helmet (worn)
 l - a +0 ring mail (worn)
Potions
 e - a potion of curing
 f - a potion of brilliance {unknown}
 g - a potion of heal wounds {unknown}
 i - a potion of cancellation
 k - a potion of enlightenment {unknown}

Dungeon Overview and Level Annotations

Branches:
Dungeon (3/15)

Altars:
Hepliaklqana


Message History

The orc attacks as it pursues you! The orc barely misses you.
The orc wizard misses you.
1488 ||| RETREEEEATING.
The orc priest looks braver for a moment.
The orc wizard attacks as it pursues you!
The orc wizard completely misses you. The orc hits you but does no damage.
1489 ||| RETREEEEATING.
The orc attacks as it pursues you! The orc hits you but does no damage.
You shoot an arrow.
The arrow closely misses the orc wizard.
The orc priest closely misses you. The orc closely misses you.
The orc hits you with a +0 short sword.
The orc wizard hits you but does no damage.
The orc priest hits you from afar with a +0 trident.
You shoot an arrow. The arrow hits the orc wizard!
The orc wizard is heavily wounded.
The orc hits you but does no damage. x2
The orc wizard hits you with a +0 dagger.
The orc priest calls upon Beogh to heal the orc wizard.
The orc wizard is healed somewhat.
You shoot an arrow. The arrow hits the orc wizard.
The orc wizard is moderately wounded.
The orc hits you but does no damage. The orc hits you with a +0 short sword.
The orc wizard hits you but does no damage.
The orc priest hits you but does no damage.
The orc misses you.
You shoot an arrow.
The arrow closely misses the orc wizard.
The orc misses you. The orc wizard barely misses you.
The orc priest closely misses you. The orc barely misses you.
You shoot an arrow. The arrow barely misses the orc wizard.
The orc hits you but does no damage.
The orc wizard hits you with a +0 dagger.
The orc priest looks encouraged for a moment.
The orc hits you with a +0 short sword.
You shoot an arrow. The arrow barely misses the orc wizard.
The orc hits you with a +0 short sword. The orc wizard casts a spell at you.
The puff of flame hits you.
You die...

.= #.#
########..#
#@o......#
#ooo..(..#
#w.......####
#............
#........##
#........#
#...<....#
#........#
#.)......#


You could see an orc priest, an orc wizard, a dart slug and 2 orcs.

Vanquished Creatures
  Jessica (D:2)
  Robin (D:2)
  4 dart slugs
  A ribbon worm (D:2)
  2 endoplasms (D:2)
  A giant cockroach (D:2)
  12 goblins
  4 hobgoblins (D:1)
  7 jackals (D:1)
  3 kobolds
  4 quokkas
  8 ball pythons
  5 bats
  5 frilled lizards
  5 rats
63 creatures vanquished.

Notes
Turn   | Place    | Note
-------+----------+-------------------------------------------
     0 | D:1      | qw the Deep Elf Hunter began the quest for the Orb.
     0 | D:1      | Reached XP level 1. HP: 12/12 MP: 3/3
     0 | D:1      | 0 ||| qw: Version: 0.3-a-157-g843a77d
     0 | D:1      | 0 ||| qw: Game counter: 3807
     0 | D:1      | 0 ||| qw: Melee chars always use a shield: true
     0 | D:1      | 0 ||| qw: God list: Okawaru
     0 | D:1      | 0 ||| qw: Allow faded altars: false
     0 | D:1      | 0 ||| qw: Do Orc after clearing Dungeon:15 true
     0 | D:1      | 0 ||| qw: Do second Lair branch before Depths: true
     0 | D:1      | 0 ||| qw: Lair rune preference: random
     0 | D:1      | 0 ||| qw: Goals: Normal
     0 | D:1      | 0 ||| PLANNING D:1-11
    56 | D:1      | Reached skill level 6 in Ranged Weapons
    56 | D:1      | Reached XP level 2. HP: 9/16 MP: 4/4
   275 | D:1      | Reached XP level 3. HP: 20/20 MP: 5/5
   533 | D:1      | Reached skill level 7 in Ranged Weapons
   639 | D:1      | 639 ||| READING 2 scrolls labelled ROXICO YSIAW.
   639 | D:1      | 639 ||| IDENTIFYING puce potion
   640 | D:1      | 640 ||| READING scroll of identify.
   640 | D:1      | 640 ||| IDENTIFYING smoky black potion
   641 | D:1      | 641 ||| DROPPING scroll of butterflies.
   642 | D:1      | 642 ||| DROPPING potion of invisibility.
   655 | D:2      | Noticed Jessica
   658 | D:2      | Killed Jessica
   659 | D:2      | Reached XP level 4. HP: 25/25 MP: 6/6
   665 | D:2      | Found a hazy altar of Hepliaklqana.
  1152 | D:2      | Noticed Robin
  1157 | D:2      | Killed Robin
  1243 | D:2      | Reached skill level 8 in Ranged Weapons
  1427 | D:2      | 1427 ||| UPGRADING to +0 helmet.
  1432 | D:2      | 1432 ||| UPGRADING to +0 ring mail.
  1442 | D:2      | 1442 ||| DROPPING +0 leather armour.
  1443 | D:2      | 1443 ||| READING scroll of identify.
  1443 | D:2      | 1443 ||| IDENTIFYING red potion
  1444 | D:2      | 1444 ||| READING scroll labelled HIUSHRA JANKYF.
  1445 | D:2      | 1445 ||| DRINKING 2 bubbling amethyst potions.
  1446 | D:2      | 1446 ||| DROPPING potion of berserk rage.
  1482 | D:3      | 1482 ||| RETREEEEATING.
  1483 | D:3      | 1483 ||| RETREEEEATING.
  1484 | D:3      | 1484 ||| RETREEEEATING.
  1485 | D:3      | 1485 ||| RETREEEEATING.
  1486 | D:3      | 1486 ||| RETREEEEATING.
  1487 | D:3      | 1487 ||| RETREEEEATING.
  1488 | D:3      | 1488 ||| RETREEEEATING.
  1489 | D:3      | 1489 ||| RETREEEEATING.
  1495 | D:3      | HP: 2/25 [orc/+0 short sword (5)]
  1495 | D:3      | Killed from afar by an orc wizard

Levels and vault maps discovered:
D:1:      minmay_arrival_stone_box, layout_basic
D:2:      layout_basic, basic_altar, nicolae_figureground_pulse, uniq_jessica,
          uniq_robin
D:3:      layout_rooms, minmay_box_of_dots, uniq_grinder

Skill      XL: |  1  2  3  4 |
---------------+-------------+-----
Ranged Weapons | 6 7 8 |  8.1
Fighting       | |  1.5
Dodging        | |  2.4
Stealth        | |  1.2

Action                     |  1- 3 |  4- 6 || total
---------------------------+-------+-------++-------
   Fire: Shortbow          |    86 |    71 ||   157
    Use: Scroll            |     2 |     2 ||     4
         Potion            |       |     1 ||     1
 Armour: Leather armour    |    31 |     5 ||    36
         Ring mail         |       |    19 ||    19
  Dodge: Dodged            |    46 |    17 ||    63

Table legend:
 A = Non-vault XP
 B = Vault XP
 C = Vault XP percentage of total XP
 D = Non-vault monster count
 E = Vault monster count
 F = Vault count percentage of total count
                 A         B        C        D         E       F
            +---------+---------+-------+---------+---------+-------
      Total |      97 |      64 |  39.8 |      55 |       8 |  12.7
            +---------+---------+-------+---------+---------+-------
        D:1 |      63 |       0 |   0.0 |      35 |       0 |   0.0
        D:2 |      34 |      64 |  65.3 |      20 |       8 |  28.6
            +---------+---------+-------+---------+---------+-------
